 Dungeon Crawl Stone Soup version 0.29.0 (webtiles) character file.

Game seed: 12121791836696015744

5 XZede the Trooper (level 1, -1/27 HPs)
             Began as a Demonspawn Berserker on Aug 30, 2022.
             Was a Follower of Trog.
             Slain by a gnoll
             ... wielding a +0 club
              (2 damage)
             ... on level 1 of the Dungeon.
             The game lasted 00:00:17 (31 turns).

XZede the Trooper (Demonspawn Berserker)              Turns: 31, Time: 00:00:18

Health: -1/27      AC:  2    Str: 17    XL:     1   Next: 66%
Magic:  1/1        EV: 12    Int:  8    God:    Trog [*.....]
Gold:   0          SH:  0    Dex: 12    Spells: 0/0 levels left

rFire   . . .      SeeInvis .   a - +0 spear
rCold   . . .      Faith    .   (no shield)
rNeg    . . .      Spirit   .   b - +0 animal skin
rPois   .          Reflect  .   (no helmet)
rElec   .          Harm     .   (no cloak)
rCorr   .          Rampage  .   (no gloves)
Will    .....                   (no boots)
Stlth   ..........              (no amulet)
HPRegen 0.09/turn               (no ring)
MPRegen 0.07/turn               (no ring)

@: berserking (expiring), very quick
A: no striking features
a: Renounce Religion, Berserk


You were on level 1 of the Dungeon.
You worshipped Trog.
Trog was aware of your devotion.
You visited 1 branch of the dungeon, and saw 1 of its levels.

Inventory:

Hand Weapons
 a - a +0 spear (weapon)
Armour
 b - a +0 animal skin (worn)


   Skills:
 + Level 3.1 Fighting
 + Level 2.8 Polearms
 + Level 1.9 Armour
 + Level 1.9 Dodging


You couldn't memorise any spells.
You didn't know any spells.
Your spell library was empty.

Dungeon Overview and Level Annotations

Branches:
Dungeon (1/15)

Altars:

Shops:
D:1 [=


Message History

Found 11 gold pieces.
The kobold shouts!
The gnoll shouts!
The goblin shouts!
A bat comes into view.
You reach to attack!
You hit the rat but do no damage. The bat hits you.
You hit the bat.
The bat is severely wounded.
The bat hits you but does no damage. The rat barely misses you.
You hit the bat.
You kill the bat!
Trog accepts your kill. The rat bites you. The kobold hits you with a +0 club.
You are too injured to fight recklessly!
You are too injured to fight recklessly!
You are too injured to fight recklessly!
A red film seems to cover your vision as you go berserk!
You feel yourself moving faster!
You feel mighty! The goblin closely misses you. The rat bites you.
The kobold hits you but does no damage.
You are too injured to fight recklessly!
You barely miss the rat. The goblin hits you with a +0 dagger.
The rat barely misses you. The kobold hits you but does no damage.
You closely miss the rat. The goblin hits you with a +0 dagger.
The kobold hits you with a +0 club. The rat bites you.
* * * LOW HITPOINT WARNING * * *
You puncture the rat!
You kill the rat!
Trog accepts your kill. The goblin barely misses you.
You puncture the goblin!
You kill the goblin!
Trog accepts your kill. The gnoll hits you with a +0 club!
* * * LOW HITPOINT WARNING * * *
The kobold hits you with a +0 club.
* * * LOW HITPOINT WARNING * * *
You puncture the kobold!
You kill the kobold!
Trog accepts your kill. The gnoll hits you with a +0 club.
You die...

.......... #........#
###.∩.#....
#........### #
#..........#$##
#........#....#
#.#...##..=...# .
#.#...........#
#.########.⌠.⌠..@.....#
#..........∩..)g.....#
#.##.######⌠.⌠........#
#'# ##...$......# #.#
#..........# #.#
#..........# #.#
#..........# ##.##
...........#
###.).#####.#######....


You could see a gnoll.

Vanquished Creatures
  A ball python (D:1)
  A bat (D:1)
  A goblin (D:1)
  A kobold (D:1)
  A rat (D:1)
5 creatures vanquished.

Notes
Turn   | Place    | Note
-------+----------+-------------------------------------------
     0 | D:1      | XZede the Demonspawn Berserker began the quest for the Orb.
     0 | D:1      | Reached XP level 1. HP: 18/18 MP: 1/1
     9 | D:1      | Found Cemoump's Armour Shop.
    15 | D:1      | Found Cujoin's Jewellery Boutique.
    29 | D:1      | HP: 1/27 [kobold/+0 club (1)]
    31 | D:1      | Slain by a gnoll

Illustrated notes

Levels and vault maps discovered:
D:1:      mrwooster_arrival_arrow, layout_loops_ring, serial_shops, shop,
          shop_fountains, nicolae_shop_crystal, shop,
          chequers_serial_rivers_micro_c, nrook_campfire

Action                   || total
-------------------------++-------
Melee: Spear             ||     9
Invok: Berserk           ||     1
Armor: Animal skin       ||     3
Dodge: Dodged            ||     4
